 Dungeon Crawl Stone Soup version 0.28.0-45-g0d030f2227 (webtiles) character file.

Game seed: 5286107720282873015

107263 DungeonMaster the Nimble (level 15, -5/123 HPs)
             Began as a Demonspawn Wanderer on Apr 17, 2022.
             Was an Initiate of Gozag.
             Killed by an exploding bloated husk (35 damage)
             ... on level 2 of the Swamp.
             The game lasted 01:59:03 (30178 turns).

DungeonMaster the Nimble (Demonspawn Wanderer)     Turns: 30178, Time: 01:59:03

Health: -5/123     AC:  7    Str: 19    XL:     15   Next: 99%
Magic:  25/25      EV: 17    Int: 19    God:    Gozag
Gold:   1060       SH: 35    Dex: 17    Spells: 14/28 levels left

rFire   + . .      SeeInvis +   a - +8 scimitar "Yregail" {flame, rPois}
rCold   + + .      Faith    .   T - +18 shield of the Gong {rElec rN+ Will+ EV-5}
rNeg    + . .      Spirit   .   (no armour)
rPois   +          Reflect  +   b - +2 helmet
rElec   +          Harm     .   x - scarf {rC+ rF+}
rCorr   .          Rampage  .   (gloves unavailable)
Will    ++...                   n - +2 pair of boots
Stlth   ++........              I - amulet of reflection
HPRegen 0.30/turn               L - ring "Paqydut" {rC+ Int+3 SInv}
MPRegen 0.19/turn               k - +6 ring of strength

@: mighty, gold aura
A: claws 3, repulsion field 2, icemail 2, powered by pain 3, condensation shield
a: Renounce Religion, Potion Petition, Call Merchant, Bribe Branch


You were on level 2 of the Swamp.
You worshipped Gozag.
Gozag was most pleased with you.
You visited 5 branches of the dungeon, and saw 26 of its levels.

You collected 7331 gold pieces.
You spent 4888 gold pieces at shops.
You paid 1383 gold pieces to Gozag.

Inventory:

Hand Weapons
 a - the +8 scimitar "Yregail" (weapon) {flame, rPois}
   (You found it on level 6 of the Lair of Beasts)

   It burns those it strikes, dealing additional fire damage.
   Big, fiery blades are also staple armaments of hydra-hunters.
   rPois:     It protects you from poison.
 d - a +2 long sword of protection
 s - a +8 rapier of venom
Missiles
 w - 10 poisoned darts (quivered)
 G - 10 boomerangs
 H - 4 throwing nets {!*}
 U - 5 curare-tipped darts
Armour
 b - a +2 helmet (worn)
 n - a +2 pair of boots (worn)
 x - a scarf of resistance (worn)
 T - the +18 shield of the Gong (worn) {rElec rN+ Will+ EV-5}
   (You bought it in a shop on level 2 of the Orcish Mines)

   It is deafeningly noisy when blocking attacks.
   EV:        It affects your evasion (-5).
   rElec:     It insulates you from electricity.
   rN:        It protects you from negative energy.
   Will:      It increases your willpower.
Jewellery
 k - a +6 ring of strength (right claw)
 y - the amulet "Quottaru" {Regen+ Dex+3}
   (You bought it in a shop on level 9 of the Dungeon)

   [amulet of regeneration]

   Dex:       It affects your dexterity (+3).
   Regen:     It increases your rate of health regeneration.
 I - an amulet of reflection (around neck)
 J - a ring of resist corrosion
 L - the ring "Paqydut" (left claw) {rC+ Int+3 SInv}
   (You bought it in a shop on level 9 of the Dungeon)

   [ring of protection from cold]

   Int:       It affects your intelligence (+3).
   rC:        It protects you from cold.
   SInv:      It lets you see invisible.
 M - a ring of flight
 R - a ring of poison resistance
Wands
 e - a wand of digging (3)
 t - a wand of flame (5)
 z - a wand of paralysis (3)
Scrolls
 f - a scroll of blinking
 g - 2 scrolls of fog
 o - 5 scrolls of immolation
 r - 2 scrolls of magic mapping
 V - a scroll of teleportation
Potions
 i - 7 potions of flight
 q - 2 potions of ambrosia
 u - a potion of haste
 O - 15 potions of curing
 Q - a potion of cancellation
 S - 3 potions of might
Miscellaneous
 j - a phantom mirror (inert)
 l - a phial of floods (inert)


   Skills:
 - Level 13.1 Fighting
 + Level 1.9 Long Blades
 - Level 1.7 Staves
 - Level 1.0 Throwing
 - Level 13.2 Armour
 - Level 13.4 Dodging
 + Level 9.9 Shields
 - Level 7.1 Spellcasting
 - Level 6.2 Conjurations
 - Level 2.1 Necromancy
 - Level 7.0 Fire Magic
 - Level 3.0 Ice Magic


You had 14 spell levels left.
You knew the following spells:

 Your Spells              Type           Power      Damage    Failure   Level
a - Scorch                Fire           66%        2d8       1%          2
b - Flame Wave            Conj/Fire      32%        2d8       14%         4
c - Apportation           Tloc           12%        N/A       22%         1
d - Ozocubu's Refrigerat  Ice            9%         4d6       100%        7

Your spell library contained the following spells:

 Spells                   Type           Power      Damage    Failure   Level
 Freeze                   Ice            72%        1d9       6%          1
 Animate Skeleton         Necr           30%        N/A       9%          1
 Pain                     Necr           60%        1d7       9%          1
 Sublimation of Blood     Necr           15%        N/A       14%         2
 Frozen Ramparts          Ice            36%        1d5       19%         3
 Ozocubu's Armour         Ice            18%        N/A       19%         3
 Beastly Appendage        Tmut           12%        N/A       22%         1
 Slow                     Hex            24%        N/A       22%         1
 Summon Small Mammal      Summ           24%        N/A       22%         1
 Corpse Rot               Necr/Air       20%        N/A       22%         2
 Vampiric Draining        Necr           15%        2d7       26%         3
 Poisonous Vapours        Pois/Air       12%        N/A       32%         2
 Wereblood                Tmut           6%         N/A       32%         2
 Hailstorm                Conj/Ice       24%        3d7       32%         4
 Call Canine Familiar     Summ           6%         N/A       54%         3
 Confusing Touch          Hex            6%         N/A       54%         3
 Gell's Gravitas          Tloc           6%         N/A       54%         3
 Lesser Beckoning         Tloc           6%         N/A       54%         3
 Spider Form              Tmut/Pois      6%         N/A       54%         3
 Summon Guardian Golem    Hex/Summ       6%         N/A       54%         3
 Teleport Other           Tloc           6%         N/A       54%         3
 Animate Dead             Necr           7%         N/A       65%         4
 Ice Form                 Ice/Tmut       12%        N/A       75%         4
 Summon Ice Beast         Ice/Summ       12%        N/A       75%         4
 Irradiate                Conj/Tmut      9%         3d17      86%         5
 Petrify                  Tmut/Erth      6%         N/A       91%         4
 Summon Forest            Summ/Tloc      3%         N/A       99%         5
 Summon Mana Viper        Hex/Summ       6%         N/A       99%         5
 Summon Cactus Giant      Summ           3%         N/A       100%        6
 Haunt                    Necr/Summ      5%         N/A       100%        7
 Summon Hydra             Summ           3%         N/A       100%        7
 Infestation              Necr           7%         N/A       100%        8


Dungeon Overview and Level Annotations

Branches:
Dungeon (15/15)            Temple (1/1) D:5            Lair (6/6) D:11
  Swamp (1/4) Lair:3        Snake (0/4) Lair:3        Slime (0/5) Lair:5
    Orc (2/2) D:11            Elf (0/3) Orc:2        Vaults (0/5) D:13
 Depths (0/4) D:15

Altars:
Ashenzari
Cheibriados
Dithmenos
Elyvilon
Fedhas
Gozag
Kikubaaqudgha
Ru
Uskayaw
Vehumet
Wu Jian
Beogh
Jiyva

Shops:
D:9 =   D:11 =   Orc:2 ==[!

Annotations:
D:3 Grinder
D:4 Duvessa, Edmund
D:5 1 runed translucent door
D:6 2 runed translucent doors, Thargor's ghost, novice GrEE
Lair:5 exclusion: oklob plant
Lair:6 exclusion: obsidian statue
Orc:2 exclusion: upstairs


Innate Abilities, Weirdness & Mutations

You have claws for hands.
You are surrounded by a moderate repulsion field. (EV +3)
A meltable icy envelope protects you from harm. (AC +0)
You are powered by pain.
A meltable shield of frost defends you. (SH +0)


Message History

You hit the swamp dragon but do no damage.
The swamp dragon is severely wounded.
Your surroundings suddenly seem different.
Splash!
You fall into the shallow water.
Moving in this stuff is going to be slow.
An eleionoma, a bloated husk and 2 swamp worms come into view.
Found 13 sling bullets.
The swamp worm fires a harpoon shot at you.
The harpoon shot misses you.
The swamp worm fires a harpoon shot at you.
The harpoon shot reflects off an invisible shield around you!
GONNNNG!
The harpoon shot hits the swamp worm!
The swamp worm fires a harpoon shot at you.
The harpoon shot misses you.
The eleionoma flows through the trees.
The swamp worm fires a harpoon shot at you.
The harpoon shot reflects off an invisible shield around you!
BONNNG!
The harpoon shot hits the swamp worm.
You hear a shout!
You hear a hideous shriek!
The swamp worm fires a harpoon shot at you.
The harpoon shot reflects off an invisible shield around you!
GONNNNG!
The harpoon shot hits the swamp worm!
The swamp worm fires a harpoon shot at you.
The harpoon shot reflects off an invisible shield around you!
PTOANNNG!
The harpoon shot hits the swamp worm!
The eleionoma hurls a spray of splinters at you.
The spray of wooden splinters hits you.
* * * LOW HITPOINT WARNING * * *
As you read the scroll of fog, it crumbles to dust.
The scroll dissolves into smoke.
The bloated husk explodes!
The blast of putrescent gases engulfs the eleionoma!!!
The blast of putrescent gases engulfs you!!
You die...
Your body crumbles into a pile of gold.

***** *,..♣*
*,...♣♣♣♣♣♣♣♣
******≈≈≈≈...≈≈..♣
*≈,,,,,(≈≈≈§.≈≈§§♣
*,≈≈≈≈,..≈≈w≈≈§§§♣
*≈≈≈≈≈≈.≈≈≈≈≈≈≈§@♣
≈,,,,,≈≈≈≈§≈w≈§§R♣♣
≈,≈,,,,≈≈≈...≈≈§§≈♣
,≈≈≈,,,≈≈≈.≈≈≈≈≈.♣♣
,≈≈≈,≈,≈≈...≈≈≈≈≈♣
,,,,≈**.....>.≈≈≈♣*
,≈≈,,**≈.....≈≈≈.≈*
,,≈*≈,,♣.≈≈≈≈≈≈≈≈♣♣
≈,,≈,,,..≈≈≈≈≈≈≈≈♣


You could see an eleionoma and 2 swamp worms.

Vanquished Creatures
  A stone giant (D:14)
  An eleionoma (Swamp:1)
  2 dire elephants (Lair:6)
  Snorg (Lair:5)
  8 vault guards (D:13)
  Harold (D:8)
  7 hydras
  3 boulder beetles
  An ogre mage (Orc:2)
  A death knight (D:14)
  An anaconda (Lair:4)
  4 centaur warriors
  A two-headed ogre (D:9)
  6 death yaks
  A tengu warrior (D:14)
  2 merfolk aquamancers
  A spriggan (Lair:3)
  Nergalle (Orc:1)
  7 skeletal warriors
  2 goliath frogs (Lair:3)
  A spectral anaconda (Lair:6)
  A swamp dragon (Lair:3)
  2 bog bodies (Lair:3)
  An orc knight (Orc:1)
  2 deep elf pyromancers
  3 necromancers (Lair:6)
  11 orc sorcerers
  A will-o-the-wisp (Lair:3)
  16 ugly things
  2 manticores
  5 cyclopes
  A moth of wrath (shapeshifter) (D:14)
  Maurice (D:8)
  A dire elephant zombie (Lair:6)
  13 black mambas
  A water nymph (D:15)
  28 elephants
  A torpor snail (Lair:5)
  17 cane toads
  2 dire elephant skeletons (Lair:6)
  2 gargoyles (D:11)
  2 rime drakes
  3 freezing wraiths (D:14)
  7 yaktaurs
  2 kobold demonologists (D:12)
  7 komodo dragons
  8 trolls
  3 meliai (D:14)
  3 polar bears
  Prince Ribbit (D:6)
  A hornet (Lair:3)
  3 tyrant leeches (Lair:3)
  18 slime creatures
  7 dream sheep (Lair:5)
  12 blink frogs
  A spectral elephant (Lair:6)
  4 centaur simulacra (D:12)
  A vampire (D:12)
  2 wraiths
  7 basilisks
  27 yaks
  6 wyverns
  2 vampire mosquitoes (D:13)
  Menkaure (D:6)
  2 swamp worms
  2 wargs (Orc:1)
  2 acid dragons
  19 water moccasins
  19 orc warriors
  3 swamp drakes
  2 ice beasts
  3 black bears
  2 necrophages
  A sky beast (D:4)
  3 elephant zombies (Lair:6)
  14 wolves
  5 ogres
  An elephant skeleton (Lair:6)
  14 centaurs
  3 kobold brigands
  15 bullfrogs
  3 cane toad simulacra (Lair:6)
  2 scorpions
  A water moccasin skeleton (D:5)
  An elephant simulacrum (Lair:6)
  11 killer bees
  4 wights (D:9)
  4 electric eels
  A crimson imp (D:10)
  A howler monkey (D:9)
  A hound (D:3)
  6 centaur zombies
  6 jellies
  14 orc priests
  2 gnoll shamans
  Crazy Yiuf (D:6)
  3 centaur skeletons
  Ijyb (D:4)
  Natasha (thrice) (D:4)
  2 iguanas
  31 orc wizards
  A killer bee zombie (D:7)
  A hound skeleton (D:5)
  3 howler monkey zombies
  8 gnolls
  7 adders
  5 white imps
  2 ufetubi
  A dart slug (D:4)
  71 orcs
  5 bats
  4 endoplasms
  2 giant cockroaches (D:1)
  11 hobgoblins
  5 jackals (D:4)
  24 kobolds
  4 quokkas
  6 ball pythons
  2 frilled lizards (D:3)
  4 goblins
  4 rats
670 creatures vanquished.

Vanquished Creatures (collateral kills)
  A cane toad (Lair:1)
1 creature vanquished.

Vanquished Creatures (others)
  A tengu warrior (D:15)
  A bloated husk (Swamp:2)
  3 yaks (D:11)
  An orc wizard (Orc:1)
  An orc (Orc:2)
  A jackal (D:4)
  A bush (Lair:4)
  9 foxfires
  27 fungi
  48 plants
  26 withered plants (Lair:6)
119 creatures vanquished.

Grand Total: 790 creatures vanquished

Notes
Turn   | Place    | Note
-------+----------+-------------------------------------------
     0 | D:1      | DungeonMaster the Demonspawn Wanderer began the quest for
                  | the Orb.
     0 | D:1      | DungeonMaster set off with the following items: a +0
                  | quarterstaff, a +0 helmet, a +0 robe; and the following
                  | spells available to memorise: Animate Skeleton, Pain,
                  | Corpse Rot
     0 | D:1      | Reached XP level 1. HP: 16/16 MP: 2/2
   552 | D:1      | Gained mutation: A meltable shield of frost defends you.
                  | (SH +0) [demonic ancestry]
   552 | D:1      | Reached XP level 2. HP: 22/23 MP: 3/3
  1155 | D:1      | Gained mutation: A meltable icy envelope protects you from
                  | harm. (AC +0) [demonic ancestry]
  1155 | D:1      | Reached XP level 3. HP: 17/28 MP: 4/4
  1733 | D:2      | Gained mutation: You have sharp fingernails. [demonic
                  | ancestry]
  1733 | D:2      | Reached XP level 4. HP: 35/35 MP: 5/5
  1954 | D:3      | Found a faded altar of an unknown god.
  2312 | D:3      | Noticed Grinder
  2365 | D:3      | Reached XP level 5. HP: 37/42 MP: 6/6
  2637 | D:4      | Noticed Ijyb
  2660 | D:4      | Noticed Natasha
  2671 | D:4      | Killed Natasha
  2745 | D:4      | Noticed Duvessa
  2927 | D:4      | Noticed a sky beast
  3031 | D:4      | Killed a sky beast
  3032 | D:4      | Gained mutation: You sometimes gain a little power by
                  | taking damage. [demonic ancestry]
  3032 | D:4      | Reached XP level 6. HP: 50/50 MP: 7/7
  3147 | D:4      | Noticed Natasha
  3170 | D:4      | Killed Natasha
  3197 | D:4      | Reached skill level 5 in Fighting
  3204 | D:4      | Killed Ijyb
  3433 | D:4      | Noticed Natasha
  3444 | D:4      | Killed Natasha
  3475 | D:4      | Noticed Edmund
  3496 | D:5      | Entered Level 5 of the Dungeon
  3512 | D:5      | Gained mutation: A meltable icy envelope protects you from
                  | harm. (AC +0) [demonic ancestry]
  3512 | D:5      | Reached XP level 7. HP: 39/56 MP: 8/8
  3755 | D:5      | Found a runed translucent door.
  3810 | D:5      | Found a staircase to the Ecumenical Temple.
  3830 | Temple   | Entered the Ecumenical Temple
  3979 | Temple   | Became a worshipper of Gozag Ym Sagoz the Greedy
  4257 | D:6      | Noticed Menkaure
  4359 | D:6      | Killed Menkaure
  4360 | D:6      | Reached skill level 5 in Dodging
  4428 | D:6      | Gained mutation: You sometimes gain power by taking damage.
                  | [demonic ancestry]
  4428 | D:6      | Reached XP level 8. HP: 64/64 MP: 9/9
  4558 | D:6      | Noticed Prince Ribbit
  4581 | D:6      | Killed Prince Ribbit
  4627 | D:6      | Found a large runed translucent door.
  4628 | D:6      | Found a large runed translucent door.
  4630 | D:6      | Noticed Thargor's ghost (novice GrEE)
  4838 | D:6      | Found a runed translucent door.
  4839 | D:6      | Noticed Crazy Yiuf
  4845 | D:6      | Killed Crazy Yiuf
  5010 | D:7      | Reached skill level 5 in Armour
  5071 | D:7      | Identified the +1 ring mail of Entitlement {Drain rC+
                  | Int+2}
  5404 | D:7      | Gained mutation: You have very sharp fingernails. [demonic
                  | ancestry]
  5404 | D:7      | Reached XP level 9. HP: 72/72 MP: 10/10
  5664 | D:8      | Noticed Harold
  5739 | D:8      | Killed Harold
  5927 | D:8      | Found a viscous altar of Jiyva.
  5992 | D:8      | Noticed Maurice
  6006 | D:8      | Killed Maurice
  6298 | D:8      | Gained mutation: You are surrounded by a mild repulsion
                  | field. (EV +2) [demonic ancestry]
  6298 | D:8      | Reached XP level 10. HP: 68/83 MP: 11/11
  6574 | D:9      | Found a blossoming altar of Fedhas.
  6733 | D:9      | Noticed a two-headed ogre
  6757 | D:9      | Killed a two-headed ogre
  7336 | D:10     | Entered Level 10 of the Dungeon
  8107 | D:11     | Noticed a gargoyle
  8134 | D:11     | Killed a gargoyle
  8249 | D:10     | Reached skill level 10 in Fighting
  8259 | D:11     | Noticed a manticore
  8290 | D:11     | Killed a manticore
  8291 | D:11     | Noticed a cyclops
  8305 | D:11     | Killed a cyclops
  8329 | D:11     | Noticed a cyclops
  8365 | D:11     | Killed a cyclops
  8366 | D:11     | Reached XP level 11. HP: 85/92 MP: 12/12
  8433 | D:11     | Noticed a boulder beetle
  8451 | D:11     | Killed a boulder beetle
  8621 | D:11     | Found a staircase to the Lair.
  8691 | D:11     | You fall into a shaft and drop 3 floors!
  8691 | D:14     | Noticed a death knight
  8691 | D:14     | Noticed a brown ugly thing
  8691 | D:14     | Noticed a brown ugly thing
  8691 | D:14     | Noticed a brown ugly thing
  8695 | D:14     | Noticed a centaur warrior
  8728 | D:14     | Killed a centaur warrior
  8777 | D:14     | Learned a level 1 spell: Apportation
  8951 | D:12     | Reached skill level 10 in Dodging
  9220 | D:12     | Noticed a sun demon
  9282 | D:12     | Identified the +1 pair of gloves "Exyvul" {rF+ Str+4 Int+3}
  9958 | D:9      | Bought the ring "Paqydut" {rC+ Int+3 SInv} for 552 gold
                  | pieces
 10297 | D:11     | Identified the +1 animal skin of Henotheism {Rampage
                  | *Corrode rPois Int+6}
 10308 | D:11     | Found a staircase to the Orcish Mines.
 10477 | D:11     | Reached skill level 10 in Armour
 10510 | D:11     | Gained mutation: You are surrounded by a moderate repulsion
                  | field. (EV +3) [demonic ancestry]
 10510 | D:11     | Reached XP level 12. HP: 88/89 MP: 13/13
 10834 | Orc:1    | Entered Level 1 of the Orcish Mines
 11465 | D:11     | Bought a ring of poison resistance for 360 gold pieces
 11525 | Orc:2    | Entered Level 2 of the Orcish Mines
 11525 | Orc:2    | Found a staircase to the Elven Halls.
 11536 | Orc:1    | Paralysed by an orc sorcerer for 3 turns
 12493 | Orc:2    | Paralysed by an orc sorcerer for 4 turns
 12656 | Orc:2    | Paralysed by an orc sorcerer for 7 turns
 12785 | Orc:2    | Found Nigets's Jewellery Emporium.
 12823 | Orc:2    | Found an ancient bone altar of Kikubaaqudgha.
 12823 | Orc:2    | Noticed Nergalle
 12929 | Orc:1    | HP: 2/98 [Nergalle/+2 dagger of speed (8)]
 12941 | Orc:1    | Killed Nergalle
 13098 | Orc:2    | Found a radiant altar of Vehumet.
 13098 | Orc:2    | Noticed an ogre mage
 13109 | Orc:2    | Killed an ogre mage
 13180 | Orc:2    | Found Bif Hyh's Jewellery Shoppe.
 13183 | Orc:2    | Paralysed by an orc sorcerer for 2 turns
 13193 | Orc:2    | Paralysed by an orc sorcerer for 6 turns
 13201 | Orc:2    | Paralysed by an orc sorcerer for 4 turns
 13557 | Orc:2    | Paralysed by an orc sorcerer for 7 turns
 13588 | Orc:2    | Found Edghue's Antique Armour Emporium.
 13664 | Orc:2    | Found Asty's Distillery.
 13699 | Orc:2    | Bought a potion of brilliance for 60 gold pieces
 13699 | Orc:2    | Bought a potion of curing for 45 gold pieces
 13699 | Orc:2    | Bought a potion of curing for 45 gold pieces
 13699 | Orc:2    | Bought a potion of flight for 45 gold pieces
 13699 | Orc:2    | Bought a potion of heal wounds for 75 gold pieces
 13699 | Orc:2    | Bought a potion of magic for 120 gold pieces
 13699 | Orc:2    | Bought a potion of flight for 45 gold pieces
 13699 | Orc:2    | Bought a potion of might for 60 gold pieces
 13856 | D:9      | Bought the amulet "Quottaru" {Regen+ Dex+3} for 562 gold
                  | pieces
 13946 | Lair:1   | Entered Level 1 of the Lair of Beasts
 13990 | Lair:1   | Identified the +8 spear of Greatest Utility {vorpal, Str+2
                  | Int+3}
 14124 | Lair:1   | Learned a level 2 spell: Scorch
 14192 | Lair:1   | Noticed an eight-headed hydra
 14210 | Lair:1   | Killed an eight-headed hydra
 14299 | Lair:1   | Reached skill level 1 in Fire Magic
 14839 | Lair:2   | Reached XP level 13. HP: 111/111 MP: 11/15
 16318 | Lair:3   | Found a staircase to the Swamp.
 16614 | Lair:3   | Found a staircase to the Snake Pit.
 16743 | Lair:3   | Learned a level 4 spell: Flame Wave
 16901 | Lair:3   | You fall into a shaft and drop 1 floor!
 17029 | Lair:4   | Reached skill level 1 in Conjurations
 18143 | Lair:3   | Reached skill level 5 in Spellcasting
 18165 | Lair:3   | Gained mutation: You have claws for hands. [demonic
                  | ancestry]
 18165 | Lair:3   | Reached XP level 14. HP: 118/118 MP: 6/21
 18181 | Lair:3   | Reached skill level 5 in Fire Magic
 18257 | Lair:4   | Identified the +3 chain mail "Toxank" {rElec Int+3 Stlth-}
 19653 | Lair:5   | Noticed Snorg
 19661 | Lair:5   | Found a staircase to the Slime Pits.
 19663 | Lair:5   | Found a viscous altar of Jiyva.
 19685 | Lair:5   | Killed Snorg
 20376 | Lair:6   | Entered Level 6 of the Lair of Beasts
 20852 | Lair:6   | Reached skill level 5 in Conjurations
 20881 | Lair:6   | Learned a level 7 spell: Ozocubu's Refrigeration
 21196 | Lair:6   | Reached skill level 1 in Ice Magic
 22201 | Lair:6   | Identified the +8 scimitar "Yregail" {flame, rPois}
 23072 | D:13     | Gained mutation: You are powered by pain. [demonic
                  | ancestry]
 23072 | D:13     | Reached XP level 15. HP: 118/123 MP: 23/25
 23949 | Orc:2    | Bought the +18 shield of the Gong {rElec rN+ Will+ EV-5}
                  | for 2919 gold pieces
 23949 | Orc:2    | Found the +18 shield of the Gong {rElec rN+ Will+ EV-5}
 24160 | D:13     | Found a gate to the Vaults.
 24198 | D:13     | Reached skill level 1 in Shields
 25133 | D:14     | Reached skill level 5 in Shields
 26364 | D:15     | Entered Level 15 of the Dungeon
 27783 | D:15     | Found a broken altar of Ashenzari.
 28061 | D:15     | Found a staircase to the Depths.
 29346 | Swamp:1  | Entered Level 1 of the Swamp
 29811 | Lair:3   | Reached skill level 1 in Long Blades
 30162 | Swamp:1  | You fall into a shaft and drop 1 floor!
 30178 | Swamp:2  | Killed by an exploding bloated husk

Illustrated notes

Levels and vault maps discovered:
D:1:      amcnicky_arrival_flooded_fountain, layout_basic
D:2:      minmay_inner_zag, layout_rooms
D:3:      layout_basic, hellmonk_ecumenical_altar_blasted,
          minmay_curled_crystal, corexii_hall_statues_i, uniq_grinder
D:4:      layout_cave_pods, nzn_hepliaklqana_mist_gate,
          ebering_ghost_disaster_area, kennysheep_dice, uniq_natasha,
          uniq_edmund, uniq_pikel, uniq_duvessa, uniq_ijyb
D:5:      layout_rooms, minmay_temple_entry_poolview, lightli_church_of_beogh
D:6:      layout_rooms, ebering_ghost_disaster_area, uniq_prince_ribbit1,
          uniq_menkaure, uniq_crazy_yiuf_cottage
D:7:      layout_gridville
D:8:      layout_loops_corners, serial_bayou_lagoon_a, jiyva_altar_1,
          uniq_harold, uniq_maurice
D:9:      hellmonk_crumbling_castle, layout_basic, kennysheep_mini,
          serial_bayou_pond_c
D:10:     layout_long_grid, roderic_serpentine_path, minmay_fire_ice_demons
D:11:     layout_rooms, david_lair_shrubbed, erik_orc_1
D:12:     layout_loops_ring, serial_ice, serial_ice_d, serial_ice_o,
          serial_ice_f, serial_ice_h, serial_ice_k, serial_ice_m, serial_ice_b,
          portal_ice_cave_entry_pillars_1, minmay_strange_pillars
D:13:     nicolae_cairo_tiling_very_big, layout_basic, erik_vaults_2
D:14:     layout_stronghold, grunt_decor_junction, lemuel_flamethrower_2
D:15:     grunt_enter_depths_snipers, layout_layer_cave,
          cheibrodos_ashenzari_chains, nicolae_splish_splash
Temple:   mainiacjoe_temple_big_plus
Lair:1:   layout_hall_layers, infiniplex_staircase_pool
Lair:2:   layout_cave_pods, beast_lair_carwin_3, serial_bayou_shore_b
Lair:3:   layout_gridlike, minmay_swamp_entry_wisps,
          minmay_snake_entry_six_corridors, chequers_serial_rivers_small_3,
          chequers_serial_rivers_micro_c, beast_lair_carwin_9
Lair:4:   beast_lair_carwin_large_4, layout_layer_cave
Lair:5:   layout_gridlike, slime_altar_1, serial_bayou, serial_bayou_pond_e,
          serial_bayou_pond_a, serial_bayou_pond_e, serial_bayou_crossing,
          st_stairs_4, uniq_snorg
Lair:6:   due_jungle_book, layout_misc_corridors, fungi_pond_lemuel,
          st_stairs_10
Swamp:1:  layout_basic_swamp, gammafunk_ghost_mausoleum, serial_swamp_ruin,
          evilmike_swamp_ruin_house_5, evilmike_swamp_ruin_house_4, swamp_pool2,
          infiniplex_staircase_pool_2
Swamp:2:  layout_basic_swamp, evilmike_swamp_ruin_house_6, uniq_nikola
Orc:1:    layout_diamond_mine
Orc:2:    kennysheep_orc_mage_school, layout_caves, special_room,
          nicolae_orc_bridge_out

Skill      XL: |  1  2  3  4  5  6  7  8  9 10 11 12 13 14 15 |
---------------+----------------------------------------------+-----
Dodging        | 2 3 4 5 6 8 9 10 12 13 | 13.4
Fighting       | 3 4 5 6 7 9 10 11 13 | 13.1
Armour         | 2 3 5 6 8 10 11 12 13 | 13.2
Fire Magic     | 1 4 6 7 |  7.0
Spellcasting   | 5 6 7 |  7.1
Conjurations   | 3 6 |  6.2
Ice Magic      | 2 3 |  3.0
Shields        | 9 |  9.9
Long Blades    | 1 |  1.9
Staves         | |  1.7
Throwing       | |  1.0
Necromancy     | |  2.1

Action                   |  1- 3 |  4- 6 |  7- 9 | 10-12 | 13-15 || total
-------------------------+-------+-------+-------+-------+-------++-------
Melee: Quarterstaff      |   115 |   135 |    26 |    30 |       ||   306
       Hand axe          |       |    18 |   299 |   942 |   424 ||  1683
       Whip              |       |     2 |       |       |       ||     2
       Punch             |       |       |    10 |    10 |    31 ||    51
       Dagger            |       |       |       |    28 |   176 ||   204
       Spear             |       |       |       |    15 |   516 ||   531
       Scimitar          |       |       |       |       |   663 ||   663
       Rapier            |       |       |       |       |    63 ||    63
       Short sword       |       |       |       |       |    15 ||    15
Throw: Dart              |     5 |     2 |     5 |    78 |    63 ||   153
       Stone             |     3 |     5 |       |     3 |       ||    11
       Boomerang         |       |       |     6 |       |    14 ||    20
       Throwing net      |       |       |       |     1 |       ||     1
 Cast: Scorch            |       |       |       |     4 |    72 ||    76
       Flame Wave        |       |       |       |       |    38 ||    38
Invok: Call Merchant     |       |       |       |     2 |       ||     2
Evoke: Wand              |       |       |    21 |    40 |     7 ||    68
       Phial of floods   |       |       |       |       |     2 ||     2
       Phantom mirror    |       |       |       |       |     2 ||     2
  Use: Scroll            |     1 |     9 |     8 |    11 |    11 ||    40
       Potion            |       |       |     3 |     6 |     7 ||    16
 Stab: Sleeping          |     1 |       |       |       |       ||     1
       Invisible         |       |       |     6 |       |     4 ||    10
       Paralysed         |       |       |       |    14 |       ||    14
       Distracted        |       |       |       |     1 |     6 ||     7
Armor: Robe              |    38 |    40 |       |       |       ||    78
       Chain mail        |       |    58 |   133 |       |       ||   191
       Ring mail         |       |       |    89 |   286 |       ||   375
       Skin              |       |       |       |     8 |    11 ||    19
       Leather armour    |       |       |       |   239 |   680 ||   919
Dodge: Dodged            |    87 |    97 |   259 |  1299 |  2289 ||  4031
Block: Other             |    28 |    37 |    74 |   230 |   378 ||   747
       Kite shield       |       |       |       |       |   996 ||   996
       Reflection        |       |       |       |       |    43 ||    43
